 Dungeon Crawl Stone Soup version 0.30-a0-1042-gacf32f4bd3 (webtiles) character file.

Game seed: 6167177046370749919

108 Kenran the Slasher (level 4, -2/37 HPs)
             Began as a Merfolk Fighter on Apr 9, 2023.
             Slain by a gnoll
             ... wielding a +0 whip
              (7 damage)
             ... on level 3 of the Dungeon.
             The game lasted 00:05:50 (2033 turns).

Kenran the Slasher (Merfolk Fighter)                Turns: 2033, Time: 00:05:50

Health: -2/37      AC:  6    Str: 18    XL:     4   Next: 87%
Magic:  4/4        EV:  9    Int:  7    God:
Gold:   106        SH:  4    Dex: 13    Spells: 3/3 levels left

rFire   . . .      SeeInvis .    a - +0 long sword
rCold   . . .      Faith    .    c - +0 buckler
rNeg    . . .      Spirit   .    b - +0 scale mail
rPois   .          Reflect  .    (no helmet)
rElec   .          Rampage  .    (no cloak)
rCorr   .                        (no gloves)
Will    .....                    (no boots) Stlth
                                 (no amulet)
HPRegen 0.26/turn                (no ring)
MPRegen 0.09/turn                (no ring)

@: no status effects
A: (nimble swimmer 2), mertail
a: no special abilities


You were on level 3 of the Dungeon.
You visited 1 branch of the dungeon, and saw 3 of its levels.

You collected 106 gold pieces.

Inventory:

Hand Weapons
 a - a +0 long sword (weapon)
Armour
 b - a +0 scale mail (worn)
 c - a +0 buckler (worn)
Jewellery
 n - a +5 ring of evasion
Wands
 l - a wand of roots (12)
Scrolls
 g - a scroll of enchant weapon
 h - 2 scrolls of amnesia
 i - 5 scrolls of magic mapping
 j - a scroll of vulnerability {!r}
 p - a scroll of teleportation {unknown}
 q - a scroll of silence {unknown}
Potions
 d - a potion of might
 e - 2 potions of heal wounds {@q2}
 f - a potion of attraction {unknown}
 k - a potion of brilliance {unknown}
 m - a potion of resistance {unknown}
 o - 2 potions of curing {unknown}


   Skills:
 - Level 4.0 Fighting
 + Level 5.4 Long Blades
 - Level 2.1 Armour
 - Level 3.0 Shields


You had 3 spell levels left.
You didn't know any spells.
Your spell library was empty.

Dungeon Overview and Level Annotations

Branches:
Dungeon (3/15)

Altars:

Shops:
D:1 (*!(!   D:2 (


Innate Abilities, Weirdness & Mutations

((You are very nimble when in or above water. (Stealth+, EV+, Speed+++)))
Your lower body shifts to a powerful aquatic tail in water.


Message History

The gnoll hits you but does no damage. x2
You completely miss the gnoll.
The gnoll is moderately wounded.
A gnoll comes into view. It is wielding a +0 whip.
The gnoll barely misses you.
The gnoll shouts!
You hit the gnoll but do no damage.
The gnoll is moderately wounded.
The gnoll hits you with a +0 halberd!
You hit the gnoll.
The gnoll is heavily wounded.
The gnoll closely misses you.
You closely miss the gnoll.
The gnoll is heavily wounded.
You block the gnoll's attack.
You hit the gnoll.
The gnoll is severely wounded.
The gnoll misses you.
You hit the gnoll but do no damage.
The gnoll is severely wounded.
You block the gnoll's attack. x2
You barely miss the gnoll.
The gnoll is severely wounded.
The gnoll hits you with a +0 halberd!
You closely miss the gnoll.
The gnoll is severely wounded.
The gnoll hits you with a +0 halberd.
You are too injured to fight recklessly!
You are too injured to fight recklessly!
You hit the gnoll.
The gnoll is severely wounded.
The gnoll barely misses you.
You barely miss the gnoll.
The gnoll is severely wounded.
The gnoll hits you with a +0 halberd!
* * * LOW HITPOINT WARNING * * *
You hit the gnoll.
You kill the gnoll!
The gnoll hits you with a +0 whip!
You die...

...#....#. #.# #..#
...#...... #.# #.##
...#...... #.# #.#
...#...... #.# #.#
.....~~~~. #.# #.#
...~~~≈≈~.####.# #.#
oo~~≈≈≈≈~......# #.#
o≈≈≈≈≈~~~. #..#########.##
≈≈≈≈~~~######...@gg..#....#
≈~~~~...........####.#.####
~~..).......#.#.# #.#
.....#.###....#.# #.#
####.#.#....###.# #.#
######.#.#.## #.# #.#
.......#.#<.. ..# #.#
########.########### #.#
.......#.#.........# #.#


You could see 2 gnolls.

Vanquished Creatures
  2 gnolls
  4 adders
  A worm (D:2)
  3 dart slugs
  3 orcs (D:2)
  3 endoplasms
  2 giant cockroaches (D:2)
  5 goblins
  5 hobgoblins
  5 kobolds
  3 quokkas
  2 ball pythons
  7 bats (D:1)
  3 frilled lizards
  3 rats
51 creatures vanquished.

Notes
Turn   | Place    | Note
-------+----------+-------------------------------------------
     0 | D:1      | Kenran the Merfolk Fighter began the quest for the Orb.
     0 | D:1      | Reached XP level 1. HP: 18/18 MP: 1/1
    45 | D:1      | Found Irius's Distillery.
    93 | D:1      | Reached skill level 3 in Long Blades
    93 | D:1      | Reached XP level 2. HP: 10/24 MP: 2/2
   161 | D:1      | Found Uklach's Weapon Shoppe.
   205 | D:1      | Found a faded altar of an unknown god.
   250 | D:1      | Reached skill level 4 in Long Blades
   290 | D:1      | Reached XP level 3. HP: 29/29 MP: 3/3
   406 | D:1      | Found Bedwun's Distillery.
   599 | D:1      | Found Gecywies's Weapon Shoppe.
   681 | D:1      | Found Wis Seekuo's Assorted Antiques.
   900 | D:2      | Reached skill level 5 in Long Blades
   925 | D:2      | Reached XP level 4. HP: 24/36 MP: 4/4
   974 | D:2      | Found Sewunupn's Weapon Shop.
  1068 | D:2      | Identified the +6 leather armour of Hedging {Drain rElec
                  | Dex+3}
  2033 | D:3      | Slain by a gnoll

Illustrated notes

Levels and vault maps discovered:
D:1:      minmay_arrival_three_doors, layout_loops_cross, serial_shops,
          nicolae_shop_statue_plus, nicolae_shop_temple_entry_statues_fountains,
          nicolae_square_shop, shop, shop, basic_ecumenical_altar
D:2:      layout_rooms, serial_shops, shop, minmay_cut_off
D:3:      wander_river, layout_basic, nicolae_ru_great_annihilating_truth,
          dk_noncrumbling_2

Skill      XL: |  1  2  3  4 |
---------------+-------------+-----
Long Blades    | 3 4 5 |  5.4
Fighting       | 4 |  4.0
Armour         | |  2.1
Shields        | |  3.0

Action                     |  1- 3 |  4- 6 || total
---------------------------+-------+-------++-------
  Melee: Long sword        |    95 |   101 ||   196
    Use: Scroll            |     3 |     3 ||     6
 Armour: Scale mail        |    53 |    36 ||    89
  Dodge: Dodged            |    47 |    37 ||    84
  Block: Buckler           |    24 |    16 ||    40

Table legend: (Time is in decaauts)
 A = Elapsed time spent in this place.
 B = Non-inter-level travel time spent in this place.
 C = Inter-level travel time spent in this place.
 D = Time resting spent in this place.
 E = Time spent auto-exploring this place.
 F = Levels seen in this place.
 G = Mean time per level.
                   A        B        C        D        E       F      G
               +--------+--------+--------+--------+--------+-----+--------+
         Total |   2063 |   1986 |     77 |    185 |   1204 |   3 |  687.7 |
       Dungeon |   2063 |   1986 |     77 |    185 |   1204 |   3 |  687.7 |
               +--------+--------+--------+--------+--------+-----+--------+

Top non-repeatable levels by time:
     D:1: 902 daAuts
     D:3: 591 daAuts
     D:2: 569 daAuts
